 Dungeon Crawl Stone Soup version 0.19.5 (webtiles) character file.

167 McKennaii the Magician (level 5, 0/28 HPs)
             Began as a Deep Elf Fire Elementalist on May 7, 2017.
             Slain by an adder (3 damage)
             ... on level 3 of the Dungeon.
             The game lasted 00:08:31 (2492 turns).

McKennaii the Magician (Deep Elf Fire Elementalist) Turns: 2492, Time: 00:08:31

Health: 0/28       AC:  6    Str:  5    XL:     5   Next: 23%
Magic:  0/14       EV:  7    Int: 21    God:
Gold:   118        SH:  0    Dex: 15    Spells: 3 memorised, 8 levels left

rFire  . . .     SeeInvis .     (no weapon)
rCold  . . .     Gourm    .     h - +0 scale mail (curse)
rNeg   . . .     Faith    .     (no shield)
rPois  .         Spirit   .     (no helmet)
rElec  .         Reflect  .     (no cloak)
rCorr  .         Harm     .     (no gloves)
MR     .....                    (no boots)
Stlth  +.........               (no amulet)
                                (no ring)
                                (no ring)

@: lethally poisoned (0 -> -1), contaminated, glowing
A: no striking features
a: no special abilities


You were on level 3 of the Dungeon.
You were hungry.

You visited 1 branch of the dungeon, and saw 3 of its levels.

You collected 118 gold pieces.

Inventory:

Armour
 a - a +1 robe
 h - a cursed +0 scale mail (worn)
Scrolls
 e - a scroll of enchant armour
 k - 2 scrolls of identify
Potions
 d - a potion of ambrosia
 g - 4 potions of curing {unknown}
 i - a potion of might {unknown}
 j - a potion of heal wounds {unknown}
 n - a potion of lignification {unknown}
Books
 b - a book of Flames

   Spells                             Type                      Level
   a - Flame Tongue                   Conjuration/Fire             1
   b - Throw Flame                    Conjuration/Fire             2
   c - Conjure Flame                  Conjuration/Fire             3
   d - Inner Flame                    Hexes/Fire                   3
   e - Sticky Flame                   Conjuration/Fire             4
   f - Fireball                       Conjuration/Fire             5
Comestibles
 c - 3 bread rations
 f - 2 meat rations
 l - 3 fruits


   Skills:
 + Level 3.1 Dodging
 + Level 3.0 Stealth
 + Level 5.1 Spellcasting
 + Level 2.2 Conjurations
 + Level 4.4 Fire Magic


You had 8 spell levels left.
You knew the following spells:

 Your Spells              Type           Power        Failure   Level  Hunger
a - Flame Tongue          Conj/Fire      ###..        75%         1    None
b - Throw Flame           Conj/Fire      ###...       91%         2    None
c - Conjure Flame         Conj/Fire      ###.....     99%         3    ##.....


Dungeon Overview and Level Annotations

Branches:
Dungeon (3/15)

Altars:
Ashenzari

Annotations:
D:3 McKennaii's ghost, amateur DEFE; Sigmund


Message History

The adder bites you.
* * * LOW HITPOINT WARNING * * *
Casting: Flame Tongue
Confirm with . or Enter, or press ? or * to list all spells.
Aiming: Flame Tongue
Press: ? - help, Shift-Dir - straight line, f/p - adder
Aim: an adder (almost dead)
You miscast Flame Tongue.
Strange energies run through your body. The adder bites you but does no damage.
You feel sick. The adder bites you.
* * * LOW HITPOINT WARNING * * *
You feel sick.
Casting: Flame Tongue
Confirm with . or Enter, or press ? or * to list all spells.
Aiming: Flame Tongue
Press: ? - help, Shift-Dir - straight line, f/p - adder
Aim: an adder (almost dead)
You miscast Flame Tongue.
Strange energies run through your body. The adder bites you.
You die...

....####..#....##.#.##.#
.....##.............##.#
..?...........####.###.###
###...........# #.# #...#
###.#...##....# #.# #...#
.........###..# #.# #...#
###>#.##......# ##.###...#
##....#####...###..##..).#
##....###......S@...(....#
..........#.......####...#
##...#######......# #...#
#...# #.....## #...# #...#
#.....# ##### #...#
#.....# #...# #######
#...# #####


You could see an adder.

Vanquished Creatures
  2 orc priests (D:3)
  4 adders
  An ooze (D:1)
  A worm (D:2)
  3 dart slugs
  2 leopard geckos
  3 orcs (D:3)
  2 giant cockroaches
  9 goblins
  4 hobgoblins
  3 jackals (D:1)
  4 kobolds
  8 bats
  A frilled lizard (D:3)
  7 rats
54 creatures vanquished.

Vanquished Creatures (others)
  A quokka (D:3)
1 creature vanquished.

Grand Total: 55 creatures vanquished

Notes
Turn   | Place    | Note
-------+----------+-------------------------------------------
     0 | D:1      | McKennaii the Deep Elf Fire Elementalist began the quest for the Orb.
     0 | D:1      | Reached XP level 1. HP: 10/10 MP: 6/6
   110 | D:1      | Reached XP level 2. HP: 9/15 MP: 2/8
   396 | D:1      | Reached XP level 3. HP: 17/19 MP: 5/10
   641 | D:2      | Learned a level 2 spell: Throw Flame
   645 | D:2      | Learned a level 3 spell: Conjure Flame
   653 | D:2      | Reached skill level 4 in Spellcasting
   676 | D:2      | Found a shattered altar of Ashenzari.
  1224 | D:2      | Reached XP level 4. HP: 24/24 MP: 9/12
  1637 | D:3      | Noticed McKennaii's ghost (amateur DEFE)
  2047 | D:3      | HP: 1/24 [orc priest/nerve-wracking pain (10)]
  2049 | D:3      | Reached skill level 5 in Spellcasting
  2049 | D:3      | Reached XP level 5. HP: 1/28 MP: 0/14
  2270 | D:3      | Noticed Sigmund
  2492 | D:3      | Slain by an adder

Skill      XL: |  1  2  3  4 |
---------------+-------------+-----
Fire Magic     | 4 |  4.4
Spellcasting   | 4 5 |  5.1
Dodging        | 3 |  3.1
Stealth        | 3 |  3.0
Conjurations   | 2 |  2.2

Action                   |  1- 3 |  4- 6 || total
-------------------------+-------+-------++-------
Melee: Unarmed           |     8 |     7 ||    15
 Cast: Flame Tongue      |    70 |    34 ||   104
       Throw Flame       |     2 |    13 ||    15
       Conjure Flame     |       |     2 ||     2
  Use: Scroll            |       |     4 ||     4
  Eat: Chunk             |     1 |     2 ||     3
       Fruit             |       |     1 ||     1
Armor: Robe              |     5 |     1 ||     6
       Scale mail        |       |    13 ||    13
Dodge: Dodged            |    33 |    17 ||    50
Block: Buckler           |       |     5 ||     5
